 Dungeon Crawl Stone Soup version 0.29-a0-901-g46a8461d6a (webtiles) character file.

Game seed: 16466596754133751049

44742 viper001 the Blocker (level 13, -2/104 HPs)
             Began as a Palentonga Fighter on July 23, 2022.
             Was an Initiate of Yredelemnul.
             Slain by an entropy weaver (9 damage)
             ... on level 2 of the Lair of Beasts.
             The game lasted 01:02:23 (22584 turns).

viper001 the Blocker (Palentonga Fighter)          Turns: 22584, Time: 01:02:23

Health: -2/104     AC: 20    Str: 21    XL:     13   Next: 97%
Magic:  13/13      EV: 11    Int:  8    God:    Yredelemnul [......]
Gold:   948        SH: 21    Dex: 18    Spells: 12/12 levels left

rFire   . . .      SeeInvis +   m - +6 dagger "Achelo" {elec, rElec Int-4 Dex+6 SInv}
rCold   . . .      Faith    .   p - +2 tower shield
rNeg    . . .      Spirit   .   o - +4 ring mail "Laojor" {Dex+2}
rPois   .          Reflect  .   (no helmet)
rElec   +          Harm     .   (no cloak)
rCorr   .          Rampage  .   (no gloves)
Will    +....                   (no barding)
Stlth   +++.......              (no amulet)
HPRegen 0.27/turn               (no ring)
MPRegen 0.13/turn               (no ring)

@: curled up
A: large, rugged brown scales 3, see invisible, deformed body, roll 1, armoured
tail, reflexive curl, talons 1, iridescent scales 1, strong-willed 1
a: Rolling Charge, Renounce Religion, Recall Undead Harvest


You were on level 2 of the Lair of Beasts.
You worshipped Yredelemnul.
Yredelemnul was noncommittal.
You visited 5 branches of the dungeon, and saw 19 of its levels.

You collected 948 gold pieces.

Inventory:

Hand Weapons
 a - a +1 war axe of venom
 m - the +6 dagger "Achelo" (weapon) {elec, rElec Int-4 Dex+6 SInv}
   (You found it on level 3 of the Dungeon)

   It occasionally discharges a powerful burst of electricity upon striking a
   foe.
   Int:       It affects your intelligence (-4).
   Dex:       It affects your dexterity (+6).
   rElec:     It insulates you from electricity.
   SInv:      It lets you see invisible.
Missiles
 f - 93 poisoned darts (quivered)
 n - 6 throwing nets
Armour
 b - a +0 scale mail
 c - a +0 buckler
 o - the +4 ring mail "Laojor" (worn) {Dex+2}
   (You found it on level 4 of the Dungeon)

   Dex:       It affects your dexterity (+2).
 p - a +2 tower shield (worn)
Jewellery
 k - a ring of fire
 l - a ring of ice
 t - a ring of protection from cold
 u - a +6 ring of dexterity
Wands
 i - a wand of mindburst (12)
 j - a wand of digging (3)
 s - a wand of flame (40)
 v - a wand of iceblast (25)
 z - a wand of charming (3)
 G - a wand of acid (10)
Scrolls
 e - 15 scrolls of identify
 y - 2 scrolls of fog
 A - 3 scrolls of magic mapping
 F - a scroll of enchant weapon
Potions
 d - 4 potions of might
 g - a potion of cancellation
 q - 3 potions of magic
 w - 2 potions of haste
 x - 4 potions of flight
 B - 6 potions of ambrosia
 C - 2 potions of resistance
 E - a potion of berserk rage


   Skills:
 + Level 8.2 Fighting
 + Level 10.1 Short Blades
 + Level 3.5 Axes
 + Level 8.2 Armour
 + Level 7.6 Dodging
 + Level 5.2 Stealth
 + Level 13.9 Shields
 + Level 2.1 Evocations


You had 12 spell levels left.
You didn't know any spells.
Your spell library contained the following spells:

 Spells                   Type           Power      Damage    Failure   Level
 Beastly Appendage        Tmut           0%         N/A       89%         1
 Foxfire                  Conj/Fire      0%         2x1d4     89%         1
 Magic Dart               Conj           0%         1d3       89%         1
 Summon Small Mammal      Summ           0%         N/A       89%         1
 Blink                    Tloc           0%         N/A       96%         2
 Call Imp                 Summ           0%         N/A       96%         2
 Ensorcelled Hibernation  Hex/Ice        0%         N/A       96%         2
 Wereblood                Tmut           0%         N/A       96%         2
 Call Canine Familiar     Summ           0%         N/A       99%         3
 Conjure Flame            Conj/Fire      0%         6-21      99%         3
 Inner Flame              Hex/Fire       0%         N/A       99%         3
 Lesser Beckoning         Tloc           0%         N/A       99%         3
 Mephitic Cloud           Conj/Pois/Air  0%         N/A       99%         3
 Spider Form              Tmut/Pois      0%         N/A       99%         3
 Summon Guardian Golem    Hex/Summ       0%         N/A       99%         3
 Tukima's Dance           Hex            0%         N/A       99%         3
 Anguish                  Hex/Necr       0%         N/A       100%        4
 Flame Wave               Conj/Fire      0%         2d4       100%        4
 Fulminant Prism          Conj/Hex       0%         3d6       100%        4
 Iskenderun's Mystic Bla  Conj/Tloc      0%         2d3       100%        4
 Passage of Golubria      Tloc           0%         N/A       100%        4
 Lee's Rapid Deconstruct  Erth           0%         3d5*      100%        5
 Manifold Assault         Tloc           0%         N/A       100%        5
 Yara's Violent Unravell  Hex/Tmut       0%         3d3       100%        5


Dungeon Overview and Level Annotations

Branches:
Dungeon (11/15)            Temple (1/1) D:4            Lair (5/5) D:11
  Swamp (0/4) Lair:2       Spider (1/4) Lair:2        Slime (0/5) Lair:4
    Orc (1/2) D:11

Altars:
Ashenzari
Cheibriados
Dithmenos
Elyvilon
Fedhas
Gozag
Hepliaklqana
Kikubaaqudgha
Makhleb
Nemelex Xobeh
Okawaru
Qazlal
Ru
Sif Muna
Trog
Uskayaw
Vehumet
Wu Jian
Xom
Yredelemnul
Zin
The Shining One
Jiyva

Shops:
D:11 *

Portals:
Trove: D:10 (give +7 demon trident)

Annotations:
D:7 Erica


Innate Abilities, Weirdness & Mutations

You are completely covered in rugged brown scales. (AC +3, +7% HP)
You have supernaturally acute eyesight. (SInv)
Armour fits poorly on your strangely shaped body.
You can roll at nearby foes to attack.
You have a long armoured tail.
You curl defensively after being hit. (AC +7*)
You have sharp toenails.
You are partially covered in iridescent scales. (AC +2)
You are strong-willed. (Will+)


Message History

You start resting.
You are no longer corroded.
You start resting.
The entropy weaver is no longer charmed.
The entropy weaver hits you!
* * * LOW HITPOINT WARNING * * *
You block the entropy weaver's attack. x2; The entropy weaver hits you!
* * * LOW HITPOINT WARNING * * *
The entropy weaver hits you but does no damage.
You block the entropy weaver's attack.
The entropy weaver hits you but does no damage. x2
Aiming: Charm
Press: ? - help, Shift-Dir - straight line, f - entropy weaver
Aim: an entropy weaver (moderately wounded, chance to affect: 21%)
The entropy weaver is charmed.
You start resting.
The entropy weaver is no longer charmed.
You block the entropy weaver's attack.
The entropy weaver hits you but does no damage.
You block the entropy weaver's attack.
The entropy weaver hits you but does no damage.
Aiming: Charm
Press: ? - help, Shift-Dir - straight line, p - entropy weaver Nothing appears to happen.
You block the entropy weaver's attack. The entropy weaver hits you.
* * * LOW HITPOINT WARNING * * *
The entropy weaver hits you but does no damage.
The entropy weaver closely misses you.
Aiming: Charm
Press: ? - help, Shift-Dir - straight line, f - entropy weaver
Aim: an entropy weaver (lightly wounded, chance to affect: 21%)
The entropy weaver resists with almost no effort.
The entropy weaver hits you.
* * * LOW HITPOINT WARNING * * *
The entropy weaver hits you but does no damage.
You block the entropy weaver's attack.
The entropy weaver hits you but does no damage. x2
The entropy weaver hits you!
You die...
Your body rises from the dead as a mindless zombie.

#..#......................P.##
##......##............##.....#
.#.##.................##.....#
.#.##........................#
..#........................#.#
P#............≈.............##
.#..##...P...##≈≈≈##.Z.....##
..........P####.B.####Z.....#
..........####..@..#.##....##
......##..###^#...#.###.Z..#
.....###..##.#.#^###Z##..Z##
.....#....###.#.## ######.#
.........###^###.###.###PZ###
...#.#....###.#.#.#^#.##..Z.#
....#.....##.#.#.###.##..#.####
....#..##P###.#...#.###..##.ZP#
........######....^####...ZZ.##


You could see an entropy weaver.

Vanquished Creatures
  Gastronok (Lair:1)
  Harold (Lair:2)
  A two-headed ogre (D:11)
  Urug (Lair:1)
  A sea snake (Lair:4)
  2 bog bodies (Lair:2)
  An ugly thing (D:11)
  A cyclops (D:11)
  15 elephants
  Maurice (D:11)
  5 black mambas
  Joseph (Lair:1)
  An orange demon (Lair:3)
  6 cane toads
  A torpor snail (Lair:2)
  2 rime drakes
  6 komodo dragons
  An unseen horror (D:10)
  2 kobold demonologists
  A queen bee (Lair:2)
  2 polar bears
  3 trolls (D:11)
  A tarantella (Lair:2)
  A raiju (Lair:2)
  Prince Ribbit (D:6)
  8 blink frogs
  3 culicivoras
  2 shadows
  2 wyverns
  A wraith (D:8)
  A vampire (D:10)
  26 yaks
  2 basilisks (Lair:1)
  4 steam dragons
  6 redbacks (Lair:2)
  Duvessa (D:6)
  An acid dragon (D:11)
  5 water moccasins
  2 black bears
  4 orc warriors
  3 sky beasts
  3 ice beasts
  2 ogres
  3 wolves (Lair:1)
  3 centaurs
  A phantom (D:7)
  10 kobold brigands
  9 scorpions
  5 bullfrogs
  18 wights
  Dowan (D:6)
  17 killer bees
  6 howler monkeys
  A jelly (D:4)
  Crazy Yiuf (D:3)
  5 hounds
  14 orc priests
  2 gnoll boudas
  An iron imp (D:9)
  3 iguanas
  7 orc wizards
  14 gnolls
  9 adders
  3 river rats
  2 shadow imps
  3 white imps
  2 ufetubi (D:5)
  3 dart slugs
  28 orcs
  5 ball pythons
  3 endoplasms
  4 giant cockroaches
  11 goblins
  8 hobgoblins
  4 jackals
  32 kobolds
  8 quokkas
  4 bats
  3 frilled lizards
  8 kobold skeletons (D:9)
  6 kobold zombies (D:9)
  7 rats
409 creatures vanquished.

Vanquished Creatures (collateral kills)
  A wolf spider (Lair:2)
  5 elephants (Lair:4)
  Maggie (Lair:2)
  2 cane toads
  A rime drake (Lair:4)
  A komodo dragon (Lair:1)
  15 blink frogs
  A tarantella (Spider:1)
  A jumping spider (Lair:2)
  10 yaks
  2 redbacks (Lair:2)
  An acid dragon (D:10)
  A swamp worm (Lair:2)
  A water moccasin (D:11)
  An ogre (D:5)
  3 wolves (Lair:1)
  2 bullfrogs (Lair:2)
  A scorpion (D:5)
  11 killer bees
  An electric eel (Lair:2)
  A howler monkey (D:11)
  An iguana (D:5)
  An orc wizard (D:9)
  A shadow imp (D:9)
  4 orcs
  A goblin (D:4)
  13 kobolds
  A kobold skeleton (D:9)
  2 kobold zombies (D:9)
87 creatures vanquished.

Vanquished Creatures (others)
  A redback zombie (Lair:2)
  A culicivora zombie (Lair:2)
  A black mamba zombie (Lair:4)
  6 elephant zombies (Lair:4)
  2 blink frog zombies (Lair:4)
  A komodo dragon zombie (Lair:1)
  A polar bear zombie (Lair:1)
  3 yak zombies
  3 wolf zombies (Lair:1)
  A centaur zombie (D:10)
  2 bullfrog zombies
  A scorpion zombie (D:11)
  13 killer bee zombies
  A sky beast zombie (D:8)
  An ogre zombie (D:6)
  A howler monkey zombie (D:11)
  An elf zombie (D:6)
  A steam dragon zombie (D:9)
  2 adder zombies
  An iguana zombie (D:6)
  A jelly zombie (D:4)
  A spectral iron imp (D:9)
  A river rat zombie (D:6)
  2 gnoll zombies
  A goblin zombie (D:4)
  A hobgoblin zombie (D:4)
  A jackal zombie (D:4)
  11 kobold zombies
  15 orc zombies
  2 quokka zombies (D:4)
  76 fungi
  62 plants
218 creatures vanquished.

Grand Total: 714 creatures vanquished

Notes
Turn   | Place    | Note
-------+----------+-------------------------------------------
     0 | D:1      | viper001 the Palentonga Fighter began the quest for the
                  | Orb.
     0 | D:1      | Reached XP level 1. HP: 19/19 MP: 1/1
   212 | D:1      | Reached XP level 2. HP: 25/25 MP: 2/2
   487 | D:1      | Reached skill level 3 in Shields
   949 | D:1      | Reached XP level 3. HP: 28/31 MP: 3/3
  1256 | D:2      | Found a faded altar of an unknown god.
  1999 | D:3      | Reached XP level 4. HP: 33/37 MP: 4/4
  2395 | D:3      | Identified the +6 dagger "Achelo" {elec, rElec Int-4 Dex+6
                  | SInv}
  3071 | D:3      | Found a runed translucent door.
  3072 | D:3      | Noticed Crazy Yiuf
  3077 | D:3      | Killed Crazy Yiuf
  3078 | D:3      | Reached XP level 5. HP: 43/43 MP: 5/5
  3118 | D:3      | Gained mutation: You are strong-willed. (Will+) [potion of
                  | mutation]
  3118 | D:3      | Gained mutation: You have sharp toenails. [potion of
                  | mutation]
  3118 | D:3      | Gained mutation: You are partially covered in iridescent
                  | scales. (AC +2) [potion of mutation]
  3293 | D:4      | Found a staircase to the Ecumenical Temple.
  3307 | Temple   | Entered the Ecumenical Temple
  3414 | Temple   | Became a worshipper of Yredelemnul the Dark
  3501 | D:4      | Found a shadowy altar of Dithmenos.
  3516 | D:4      | Reached skill level 1 in Dodging
  3598 | D:4      | Reached * piety under Yredelemnul
  3765 | D:4      | Reached XP level 6. HP: 42/51 MP: 6/6
  3770 | D:4      | Reached ** piety under Yredelemnul
  3774 | D:4      | Reached skill level 4 in Shields
  3918 | D:4      | Reached skill level 1 in Short Blades
  3935 | D:4      | Identified the +4 ring mail "Laojor" {Dex+2}
  4262 | D:4      | Found a sacrificial altar of Ru.
  4268 | D:4      | Found a glowing golden altar of the Shining One.
  4307 | D:5      | Entered Level 5 of the Dungeon
  4319 | D:5      | Found a bloodstained altar of Trog.
  4397 | D:5      | Noticed a steam dragon
  4404 | D:5      | Killed a steam dragon
  4405 | D:5      | Gained mutation: You curl defensively after being hit. (AC
                  | +7*) [Palentonga growth]
  4405 | D:5      | Reached XP level 7. HP: 17/57 MP: 7/7
  4830 | D:5      | Reached skill level 5 in Shields
  4830 | D:5      | Reached XP level 8. HP: 64/64 MP: 8/8
  4834 | D:5      | Reached skill level 1 in Stealth
  5556 | D:6      | Identified the +0 robe of the Trout {Fly Regen+ Stlth+}
  5574 | D:6      | Found a glowing drain.
  6448 | D:6      | Noticed Prince Ribbit
  6472 | D:6      | Killed Prince Ribbit
  6473 | D:6      | Reached skill level 5 in Short Blades
  6473 | D:6      | Reached skill level 6 in Shields
  6479 | D:6      | Reached skill level 5 in Armour
  6532 | D:6      | Reached XP level 9. HP: 70/70 MP: 9/9
  6568 | D:6      | Noticed Duvessa
  6568 | D:6      | Noticed Dowan
  6577 | D:6      | Killed Dowan
  6644 | D:6      | Killed Duvessa
  6646 | D:6      | Your ally Duvessa died
  6903 | D:6      | Reached skill level 5 in Fighting
  6910 | D:6      | Reached skill level 7 in Shields
  7033 | D:6      | Found a glowing golden altar of the Shining One.
  7642 | D:7      | Identified the +0 ring mail "Lydobb" {Regen+ Str+3 Slay-4}
  8145 | D:7      | Identified the +2 robe "Nyijotupn" {+Inv Dex+3}
  8826 | D:8      | Noticed Erica
  9093 | D:8      | Reached XP level 10. HP: 79/79 MP: 10/10
  9165 | D:8      | Reached skill level 8 in Shields
 10682 | D:9      | Found a snail-covered altar of Cheibriados.
 10695 | D:9      | Reached skill level 9 in Shields
 11010 | D:9      | Identified the +0 dagger of Zuwas {holy, rElec rF+ Int+2
                  | Dex+3}
 11014 | D:9      | Reached *** piety under Yredelemnul
 11107 | D:9      | Found an ancient bone altar of Kikubaaqudgha.
 11277 | D:9      | Reached **** piety under Yredelemnul
 11318 | D:10     | Entered Level 10 of the Dungeon
 11548 | D:10     | Identified the +1 war axe "Kizeduxa" {vorpal, rF+ Str+4}
 11657 | D:10     | Reached XP level 11. HP: 82/86 MP: 11/11
 12066 | D:10     | Found a portal to a secret trove of treasure.
 12415 | D:10     | Reached ***** piety under Yredelemnul
 12693 | D:11     | Found Weodwof's CLEARANCE SALE!.
 12732 | D:11     | Noticed a brown ugly thing
 12742 | D:11     | Killed a brown ugly thing
 12743 | D:11     | Reached skill level 10 in Shields
 13019 | D:11     | Noticed Maurice
 13180 | D:11     | Killed Maurice
 13181 | D:11     | Reached skill level 5 in Dodging
 13290 | D:11     | Noticed a sun demon
 13631 | D:11     | Noticed a two-headed ogre
 13638 | D:11     | a two-headed ogre changed into an elephant
 13760 | D:11     | Found a staircase to the Orcish Mines.
 13769 | Orc:1    | Entered Level 1 of the Orcish Mines
 13769 | Orc:1    | Noticed an orc sorcerer
 13769 | Orc:1    | Noticed an orc sorcerer
 14057 | D:11     | Found a staircase to the Lair.
 14168 | D:11     | Noticed a two-headed ogre
 14176 | D:11     | Killed a two-headed ogre
 14177 | D:11     | Reached skill level 1 in Evocations
 14337 | Lair:1   | Entered Level 1 of the Lair of Beasts
 14358 | Lair:1   | Identified the +6 short sword "Ophy" {flame, Int+7}
 14575 | Lair:1   | Reached XP level 12. HP: 78/97 MP: 12/12
 14809 | Lair:1   | Reached skill level 11 in Shields
 14957 | Lair:1   | Noticed Urug
 14979 | Lair:1   | Killed Urug
 15136 | Lair:1   | Noticed Gastronok
 15148 | Lair:1   | Killed Gastronok
 15264 | Lair:1   | Noticed Joseph
 15278 | Lair:1   | Killed Joseph
 15288 | Lair:1   | Reached ****** piety under Yredelemnul
 15822 | Lair:2   | Noticed Harold
 15838 | Lair:2   | Killed Harold
 16149 | Lair:2   | Found a hole to the Spider Nest.
 16210 | Lair:2   | Reached skill level 12 in Shields
 16959 | Lair:2   | Reached XP level 13. HP: 100/104 MP: 13/13
 17033 | Lair:2   | Noticed Maggie
 17042 | Lair:2   | Killed Maggie
 17138 | Lair:2   | Found a staircase to the Swamp.
 17664 | Lair:3   | Noticed Amaemon
 17670 | Lair:3   | Noticed Nessos
 18026 | Lair:2   | Noticed Nessos
 18026 | Lair:2   | Nessos changed into Nessos the elephant
 18033 | Lair:2   | Killed Nessos the elephant
 18924 | Lair:2   | Noticed Amaemon
 18924 | Lair:2   | Amaemon changed into Amaemon the raiju
 18953 | Lair:2   | Killed Amaemon the raiju
 19581 | Lair:4   | Reached skill level 5 in Stealth
 19586 | Lair:4   | Reached skill level 13 in Shields
 19731 | Lair:4   | Reached skill level 10 in Short Blades
 20616 | Lair:4   | Found a viscous altar of Jiyva.
 20616 | Lair:4   | Found a staircase to the Slime Pits.
 20904 | Lair:5   | Entered Level 5 of the Lair of Beasts
 21772 | Spider:1 | Entered Level 1 of the Spider Nest
 22311 | Spider:1 | Noticed an entropy weaver
 22584 | Lair:2   | Slain by an entropy weaver

Illustrated notes

Levels and vault maps discovered:
D:1:      dpeg_arrival_tiny_g, layout_basic
D:2:      layout_rooms, shapermc_ecumenical_altar_mp_ritualfount, minivault_19
D:3:      layout_basic, serial_rivers, chequers_serial_rivers_micro_c,
          chequers_serial_rivers_room_b, chequers_serial_rivers_room_b,
          chequers_serial_rivers_micro_e, chequers_serial_rivers_small_b,
          chequers_serial_rivers_micro_a, palyth_stone_intersect,
          minmay_misc_feat_doors, uniq_crazy_yiuf_cottage
D:4:      layout_basic, mainiacjoe_overflow_boulevard,
          mainiacjoe_overflow_big_doors, minmay_temple_entry_statues_pillars,
          minmay_crystal_water, minmay_fractal_squares_diagonal_5
D:5:      minmay_bubble_buster, layout_basic, old_standard_altar
D:6:      layout_loops_ring, portal_sewer_entry_a, minmay_ruined_shrine,
          uniq_prince_ribbit1, uniq_duvessa
D:7:      layout_cave_pods
D:8:      layout_loops_ring, uniq_erica
D:9:      wander_kiku_kobolds, layout_basic, slow_altar_1
D:10:     layout_grid_maze, nicolae_trove_entry_columns
D:11:     layout_cave_pools, due_lair_maze_entry_diamond, orc_0_dummy,
          gauntlet_entry_generic, grunt_ogre_cave, nicolae_shop_clearance,
          uniq_maurice
Temple:   minmay_temple_bridge_d
Lair:1:   layout_regular_city, grunt_megastairs_1, infiniplex_staircase_pool,
          uniq_joseph, uniq_urug, uniq_gastronok
Lair:2:   layout_cave_shapes, nicolae_swamp_entry_splash_gauntlet,
          nicolae_spider_entry_tight_spaces, special_room [special_room_bee],
          infiniplex_staircase_pool_2, grunt_megastairs_5, uniq_harold,
          uniq_maggie
Lair:3:   layout_misc_corridors, uniq_amaemon, uniq_nessos
Lair:4:   layout_regular_city, dpeg_slime_entry_enclosed, lookout_lair_type,
          grunt_megastairs_2
Lair:5:   grunt_lair_end_beastmaster, layout_gridlike, kennysheep_snail_temple,
          grunt_megastairs_4
Spider:1: layout_spider_delve
Orc:1:    layout_caves, minmay_shop_mayhem, minmay_orc_treasury

Skill      XL: |  1  2  3  4  5  6  7  8  9 10 11 12 13 |
---------------+----------------------------------------+-----
Shields        | 3 4 5 6 7 9 10 12 13 | 13.9
Axes           | 3 |  3.5
Armour         | 3 4 5 6 7 8 |  8.2
Dodging        | 1 2 3 4 5 6 7 |  7.6
Short Blades   | 2 3 5 6 7 8 9 10 | 10.1
Fighting       | 4 5 6 7 8 |  8.2
Stealth        | 1 2 3 4 5 |  5.2
Evocations     | 1 2 |  2.1

Action                   |  1- 3 |  4- 6 |  7- 9 | 10-12 | 13-15 || total
-------------------------+-------+-------+-------+-------+-------++-------
Melee: War axe           |   114 |    41 |       |       |       ||   155
       Tailslap          |     6 |     9 |    38 |   121 |    89 ||   263
       Dagger            |       |    77 |   307 |   674 |   391 ||  1449
       Kick              |       |    16 |    94 |   234 |   185 ||   529
Throw: Dart              |     1 |       |       |       |       ||     1
Evoke: Wand              |       |       |       |    10 |    16 ||    26
  Use: Potion            |     7 |     5 |    11 |     3 |     6 ||    32
       Scroll            |     6 |     3 |     4 |     5 |     8 ||    26
 Stab: Invisible         |       |       |     3 |       |       ||     3
       Distracted        |       |       |     4 |    16 |     3 ||    23
       Sleeping          |       |       |     1 |     3 |     1 ||     5
Armor: Scale mail        |    66 |    30 |       |       |       ||    96
       Ring mail         |       |     5 |   104 |   113 |   136 ||   358
Dodge: Dodged            |    54 |    14 |    56 |   110 |   117 ||   351
Block: Buckler           |    20 |       |       |       |       ||    20
       Tower shield      |     5 |    92 |   290 |   535 |   468 ||  1390

Table legend: (Time is in decaauts)
 A = Elapsed time spent in this place.
 B = Non-inter-level travel time spent in this place.
 C = Inter-level travel time spent in this place.
 D = Time resting spent in this place.
 E = Time spent auto-exploring this place.
 F = Levels seen in this place.
 G = Mean time per level.
                   A        B        C        D        E       F      G
               +--------+--------+--------+--------+--------+-----+--------+
         Total |  22474 |  21490 |    984 |   5486 |  12839 |  19 | 1182.8 |
       Dungeon |  14192 |  13674 |    518 |   2744 |   8765 |  11 | 1290.2 |
        Temple |    179 |     81 |     98 |      0 |     72 |   1 |  179.0 |
          Lair |   7740 |   7380 |    360 |   2500 |   3970 |   5 | 1548.0 |
   Spider Nest |    353 |    347 |      6 |    242 |     32 |   1 |  353.0 |
  Orcish Mines |      8 |      8 |      0 |      0 |      0 |   1 |    8.0 |
               +--------+--------+--------+--------+--------+-----+--------+

Top non-repeatable levels by time:
  Lair:2: 3680 daAuts
     D:5: 1877 daAuts
  Lair:4: 1646 daAuts
    D:10: 1620 daAuts
     D:6: 1608 daAuts
     D:3: 1401 daAuts
  Lair:1: 1396 daAuts
     D:9: 1381 daAuts
    D:11: 1344 daAuts
     D:7: 1312 daAuts
     D:1: 1105 daAuts
     D:4: 852 daAuts
     D:2: 847 daAuts
     D:8: 841 daAuts
  Lair:3: 645 daAuts
